 Dungeon Crawl Stone Soup version 0.22.1-1-ga44c0e5 (webtiles) character file.

100 MTVSty1e the Chopper (level 4, -3/41 HPs)
             Began as a Minotaur Fighter on Oct 21, 2018.
             Killed by divine providence
             ... invoked by an orc priest
              (15 damage)
             ... on level 2 of the Dungeon.
             The game lasted 00:03:18 (1397 turns).

MTVSty1e the Chopper (Minotaur Fighter)             Turns: 1397, Time: 00:03:19

Health: -3/41      AC: 10    Str: 22    XL:     4   Next: 47%
Magic:  3/3        EV:  8    Int:  5    God:
Gold:   127        SH:  9    Dex:  9    Spells: 3/3 levels left

rFire    . . .     SeeInvis .   a - +0 war axe
rCold    . . .     Gourm    .   c - +0 shield
rNeg     . . .     Faith    .   e - quicksilver dragon scales
rPois    .         Spirit   .   (helmet restricted)
rElec    .         Reflect  .   (no cloak)
rCorr    .         Harm     .   (no gloves)
MR       +....                  (no boots)
Stlth    ..........             (no amulet)
HPRegen  0.13/turn              (no ring)
MPRegen  0.08/turn              (no ring)

@: no status effects
A: retaliatory headbutt, horns 2
a: no special abilities


You were on level 2 of the Dungeon.
You were not hungry.

You visited 1 branch of the dungeon, and saw 3 of its levels.

You collected 127 gold pieces.

Inventory:

Hand Weapons
 a - a +0 war axe (weapon)
Armour
 b - a +0 scale mail
 c - a +0 shield (worn)
 e - quicksilver dragon scales (worn)
 r - a +2 pair of gloves
Jewellery
 p - an uncursed amulet of the acrobat {unknown}
Scrolls
 h - 2 scrolls of identify {unknown}
 i - a scroll of enchant weapon {unknown}
 j - a scroll of magic mapping {unknown}
 k - a scroll of remove curse {unknown}
 l - 4 scrolls of teleportation {unknown}
 n - a scroll of immolation {unknown}
 q - a scroll of enchant armour {unknown}
Potions
 d - a potion of might
 g - 3 potions of degeneration {unknown}
 m - 2 potions of curing {unknown}
 o - a potion of invisibility {unknown}
Comestibles
 f - 5 rations


   Skills:
 + Level 4.7 Fighting
 * Level 4.9 Axes
 - Level 3.6 Armour
 - Level 3.6 Shields


You had 3 spell levels left.
You didn't know any spells.
Your spell library was empty.

Dungeon Overview and Level Annotations

Branches:
Dungeon (3/15)

Altars:
Elyvilon
Gozag


Innate Abilities, Weirdness & Mutations

You reflexively headbutt those who attack you in melee.
You have a pair of horns on your head.


Message History

There are monsters nearby!
You are too injured to fight recklessly!
Unknown command.
The orc hits you.
The orc priest hits you but does no damage.
The orc hits you with a mace of holy wrath.
* * * LOW HITPOINT WARNING * * *
You climb upwards.
There is a stone staircase leading down here.
Unknown command.
You are too injured to fight recklessly!
You are too injured to fight recklessly!
You are too injured to fight recklessly!
You are too injured to fight recklessly!
You closely miss the orc. You headbutt the orc.
You kill the orc!
You barely miss the orc. You slash the orc priest!
The orc priest invokes the aid of Beogh against you.
Beogh smites you!
You die...

# # ##### # #...# # #.#.# #
###### #.#<# ####....### #.#####
..........# #.....#
..........###############..##.#
...............o@o.##...#...#.#
.)....##.#.#####.#.##.#.#####.#
..###.##.#.## #o#.##.#.....#.#
..###.##....####.#....#####.#.#
......####..#........## #.#.#
รท..#######...........# #.#.###
##.##...............(######.#....
...##................##.....#....
#####............######.#####.##.


You could see an orc priest and 2 orcs.

Vanquished Creatures
  A worker ant (D:2)
  2 adders (D:2)
  3 worms
  A dart slug (D:2)
  2 orcs (D:2)
  4 bats
  4 giant cockroaches
  4 goblins
  7 hobgoblins
  4 jackals (D:1)
  4 kobolds
  A quokka (D:3)
  3 frilled lizards
  A jackal skeleton (D:2)
  3 rats
44 creatures vanquished.

Notes
Turn   | Place    | Note
-------+----------+-------------------------------------------
     0 | D:1      | MTVSty1e the Minotaur Fighter began the quest for the Orb.
     0 | D:1      | Reached XP level 1. HP: 19/19 MP: 0/0
   414 | D:1      | Reached XP level 2. HP: 24/27 MP: 1/1
   892 | D:2      | Reached XP level 3. HP: 30/33 MP: 2/2
  1076 | D:2      | Found a white marble altar of Elyvilon.
  1108 | D:2      | Reached XP level 4. HP: 34/41 MP: 3/3
  1152 | D:2      | Found an opulent altar of Gozag.
  1397 | D:2      | Killed from afar by an orc priest

Skill      XL: |  1  2  3 |
---------------+----------+-----
Axes           | 3 4 |  4.9
Fighting       | 4 |  4.7
Armour         | |  3.6
Shields        | |  3.6

Action                   |  1- 3 |  4- 6 || total
-------------------------+-------+-------++-------
Melee: War axe           |    85 |    29 ||   114
       Headbutt          |    14 |     5 ||    19
  Eat: Ration            |       |     1 ||     1
Armor: Quicksilver drago |    37 |    18 ||    55
Dodge: Dodged            |    35 |    12 ||    47
Block: Shield            |    44 |    21 ||    65
